[ AOE2 MATCH · #484156166 ]
1v1 RMKhitans vs Bengalis
Player's team · WIN
Rival team · LOSS
[ REPLAY ANALYSIS · EXTRACTED FROM THE RECORDED GAME ]
Feudal
11:14
Castle
14:47
Imperial
—
| APM avg | 19.4 |
| APM peak | 42 |
| eAPM avg | 12.4 |
| Villagers / military | 45 / 16 |
Focus
⚔️ 26.6% · 🌾 73.4%
Scout Cavalry ×15 · Unknown (1920) ×8 · Monk ×1
Feudal
9:41
Castle
13:48
Imperial
—
| APM avg | 22.8 |
| APM peak | 76 |
| eAPM avg | 13.8 |
| Villagers / military | 42 / 51 |
Focus
⚔️ 24.4% · 🌾 75.6%
Monk ×24 · Spearman ×14 · Armored Elephant ×6 · Scorpion ×6 · Mangonel ×1
Match map
Initial resources + every placement click. Lines = walls · curves = elevation contours. ◆ gold · ⬟ stone · ● berries · ✦ relic · ◌ wall gap
Your base· ✓ Closed at 14:47 · 0t walls · 2 gate(s)
TrCL.miked12321's base· ✓ Closed at 13:48 · 0t walls · 2 gate(s)
Smoothed initial terrain · ◌ = detected wall gap · hover for details
Inputs per minute
— Malkovich_Monk - - TrCL.miked12321
Build order — Malkovich_Monk
124 actions detected in the replay
| 0:01 | Create | Villager (Male) |
| 0:01 | Create | Villager (Male) |
| 0:02 | Build | House |
| 0:03 | Build | House |
| 0:09 | Create | Villager (Male) |
| 0:09 | Create | Villager (Male) |
| 0:10 | Create | Villager (Male) |
| 1:27 | Build | Lumber Camp |
| 1:30 | Create | Villager (Male) |
| 2:02 | Create | Villager (Male) |
| 2:20 | Build | House |
| 2:21 | Build | House |
| 2:27 | Create | Villager (Male) |
| 3:09 | Create | Villager (Male) |
| 3:27 | Create | Villager (Male) |
| 4:04 | Create | Villager (Male) |
| 4:04 | Create | Villager (Male) |
| 4:35 | Build | Mill |
| 4:47 | Create | Villager (Male) |
| 5:07 | Create | Villager (Male) |
| 5:20 | Create | Villager (Male) |
| 5:29 | Create | Villager (Male) |
| 5:47 | Create | Villager (Male) |
| 5:48 | Create | Villager (Male) |
| 6:16 | Create | Villager (Male) |
| 6:30 | Create | Villager (Male) |
| 6:44 | Create | Villager (Male) |
| 6:52 | Create | Villager (Male) |
| 8:12 | Build | Barracks |
| 8:44 | Research | Feudal Age |
| 8:54 | Build | Mining Camp |
| 10:00 | Build | House |
| 10:01 | Create | Villager (Male) |
| 10:02 | Create | Villager (Male) |
| 11:14 | Age | Feudal Age |
| 11:17 | Build | Market |
| 11:25 | Build | Blacksmith |
| 11:40 | Build | Pasture |
| 12:07 | Research | Castle Age |
| 12:13 | Build | Stable |
| 12:25 | Build | House |
| 12:54 | Build | Pasture |
| 13:03 | Research | Double-Bit Axe |
| 13:25 | Build | Pasture |
| 13:50 | Build | Pasture |
| 13:52 | Create | Scout Cavalry |
| 14:12 | Create | Scout Cavalry |
| 14:15 | Build | House |
| 14:23 | Build | Pasture |
| 14:29 | Build | House |
| 14:43 | Build | Pasture |
| 14:47 | Age | Castle Age |
| 14:51 | Build | Pasture |
| 14:53 | Create | Villager (Male) |
| 14:53 | Create | Villager (Male) |
| 15:07 | Build | Stone Wall |
| 15:12 | Create | Scout Cavalry |
| 15:19 | Build | Pasture |
| 15:22 | Create | Villager (Male) |
| 15:45 | Create | Scout Cavalry |
| 15:59 | Build | Gate |
| 16:04 | Create | Villager (Male) |
| 16:06 | Create | Scout Cavalry |
| 16:13 | Build | Monastery |
| 16:27 | Create | Scout Cavalry |
| 16:31 | Create | Villager (Male) |
| 16:37 | Build | Pasture |
| 16:47 | Create | Villager (Male) |
| 17:00 | Create | Monk |
| 17:07 | Create | Villager (Male) |
| 17:14 | Build | Pasture |
| 17:17 | Create | Scout Cavalry |
| 17:37 | Research | Husbandry |
| 17:41 | Research | Loom |
| 17:44 | Create | Villager (Male) |
| 17:58 | Build | Pasture |
| 18:15 | Create | Villager (Male) |
| 18:19 | Build | House |
| 18:23 | Build | House |
| 18:24 | Build | House |
| 18:26 | Build | House |
| 18:28 | Research | Light Cavalry (upgrade) |
| 18:49 | Research | Devotion |
| 18:50 | Create | Villager (Male) |
| 19:01 | Create | Scout Cavalry |
| 19:07 | Create | Villager (Male) |
| 19:14 | Build | Pasture |
| 19:17 | Build | Mining Camp |
| 19:24 | Create | Villager (Male) |
| 19:38 | Create | Scout Cavalry |
| 19:39 | Create | Scout Cavalry |
| 20:21 | Research | Forging |
| 20:22 | Create | Villager (Male) |
| 20:24 | Build | House |
| 20:51 | Create | Villager (Male) |
| 20:53 | Research | Stone Mining |
| 21:19 | Build | House |
| 21:21 | Create | Villager (Male) |
| 21:26 | Research | Iron Casting |
| 21:49 | Create | Villager (Male) |
| 21:50 | Create | Villager (Male) |
| 22:04 | Build | Pasture |
| 22:07 | Create | Scout Cavalry |
| 22:08 | Create | Scout Cavalry |
| 22:27 | Build | House |
| 22:35 | Build | House |
| 22:43 | Create | Villager (Male) |
| 22:46 | Research | Bow Saw |
| 23:28 | Build | Castle |
| 23:30 | Create | Scout Cavalry |
| 23:30 | Create | Scout Cavalry |
| 23:41 | Create | Villager (Male) |
| 24:33 | Create | Unit 1920 |
| 24:46 | Create | Unit 1920 |
| 24:46 | Create | Unit 1920 |
| 24:48 | Create | Villager (Male) |
| 24:48 | Create | Villager (Male) |
| 25:08 | Create | Unit 1920 |
| 25:09 | Create | Unit 1920 |
| 25:11 | Research | Scale Mail Armor |
| 25:22 | Create | Unit 1920 |
| 25:42 | Create | Unit 1920 |
| 25:48 | Create | Scout Cavalry |
| 25:50 | Create | Unit 1920 |
Build order — TrCL.miked12321
137 actions detected in the replay
| 0:00 | Create | Villager (Male) |
| 0:00 | Create | Villager (Male) |
| 0:01 | Create | Villager (Male) |
| 0:01 | Create | Villager (Male) |
| 0:02 | Build | House |
| 0:04 | Build | House |
| 1:29 | Create | Villager (Male) |
| 2:00 | Build | Lumber Camp |
| 2:05 | Create | Villager (Male) |
| 2:05 | Create | Villager (Male) |
| 2:23 | Create | Villager (Male) |
| 3:15 | Create | Villager (Male) |
| 3:29 | Build | House |
| 3:44 | Create | Villager (Male) |
| 4:11 | Create | Villager (Male) |
| 4:11 | Create | Villager (Male) |
| 4:14 | Build | Mill |
| 4:31 | Create | Villager (Male) |
| 4:53 | Create | Villager (Male) |
| 5:23 | Create | Villager (Male) |
| 5:23 | Create | Villager (Male) |
| 5:24 | Create | Villager (Male) |
| 5:24 | Create | Villager (Male) |
| 5:29 | Build | House |
| 5:48 | Create | Villager (Male) |
| 6:28 | Create | Villager (Male) |
| 6:46 | Build | Mining Camp |
| 7:06 | Create | Villager (Male) |
| 7:31 | Research | Feudal Age |
| 7:36 | Build | House |
| 8:02 | Create | Villager (Male) |
| 8:03 | Research | Loom |
| 9:41 | Age | Feudal Age |
| 9:53 | Build | Market |
| 10:07 | Build | Blacksmith |
| 11:08 | Research | Castle Age |
| 11:43 | Build | House |
| 12:02 | Build | Farm |
| 12:14 | Research | Double-Bit Axe |
| 12:14 | Research | Double-Bit Axe |
| 12:18 | Build | Farm |
| 12:31 | Build | House |
| 12:40 | Build | House |
| 13:06 | Research | Horse Collar |
| 13:24 | Build | Farm |
| 13:30 | Build | Farm |
| 13:41 | Create | Villager (Male) |
| 13:48 | Age | Castle Age |
| 13:54 | Build | Monastery |
| 14:06 | Create | Villager (Male) |
| 14:22 | Build | Monastery |
| 14:34 | Create | Monk |
| 14:34 | Research | Sanctity |
| 14:51 | Create | Villager (Male) |
| 15:04 | Build | House |
| 15:09 | Create | Monk |
| 15:18 | Create | Villager (Male) |
| 15:18 | Create | Villager (Male) |
| 15:21 | Build | Farm |
| 15:43 | Build | Siege Workshop |
| 15:56 | Create | Monk |
| 15:57 | Create | Monk |
| 16:13 | Create | Villager (Male) |
| 16:18 | Build | Farm |
| 16:26 | Create | Armored Elephant |
| 16:46 | Create | Villager (Male) |
| 16:46 | Create | Villager (Male) |
| 16:53 | Build | Farm |
| 16:54 | Build | Farm |
| 17:25 | Build | House |
| 17:27 | Create | Mangonel |
| 17:46 | Build | Mining Camp |
| 17:52 | Build | Farm |
| 17:57 | Research | Redemption |
| 18:05 | Create | Monk |
| 18:05 | Create | Monk |
| 18:15 | Create | Scorpion |
| 18:16 | Create | Scorpion |
| 18:17 | Create | Villager (Male) |
| 18:18 | Create | Villager (Male) |
| 18:38 | Create | Scorpion |
| 18:41 | Create | Villager (Male) |
| 18:42 | Create | Villager (Male) |
| 18:52 | Create | Monk |
| 19:24 | Create | Monk |
| 19:24 | Create | Monk |
| 19:43 | Create | Monk |
| 19:43 | Create | Monk |
| 20:11 | Build | Barracks |
| 20:14 | Build | House |
| 20:35 | Create | Monk |
| 20:35 | Create | Monk |
| 20:35 | Create | Monk |
| 20:48 | Create | Spearman |
| 20:48 | Create | Spearman |
| 20:48 | Create | Spearman |
| 20:53 | Create | Spearman |
| 20:56 | Build | House |
| 21:03 | Create | Spearman |
| 21:41 | Create | Spearman |
| 21:48 | Create | Monk |
| 21:48 | Create | Monk |
| 22:00 | Create | Monk |
| 22:03 | Create | Armored Elephant |
| 22:03 | Create | Armored Elephant |
| 22:23 | Create | Spearman |
| 22:26 | Create | Scorpion |
| 22:28 | Create | Monk |
| 22:29 | Create | Villager (Male) |
| 22:29 | Create | Villager (Male) |
| 22:29 | Create | Villager (Male) |
| 22:30 | Create | Villager (Male) |
| 22:30 | Create | Villager (Male) |
| 22:30 | Create | Villager (Male) |
| 22:35 | Create | Spearman |
| 22:47 | Create | Monk |
| 22:48 | Create | Spearman |
| 22:49 | Create | Spearman |
| 23:02 | Create | Monk |
| 23:27 | Create | Armored Elephant |
| 23:30 | Create | Scorpion |
| 23:30 | Create | Scorpion |
| 23:32 | Create | Monk |
| 23:32 | Create | Monk |
| 23:32 | Create | Spearman |
| 23:33 | Create | Spearman |
| 23:33 | Create | Spearman |
| 24:26 | Create | Armored Elephant |
| 24:26 | Create | Armored Elephant |
| 24:29 | Create | Villager (Male) |
| 24:33 | Build | Lumber Camp |
| 25:00 | Build | Castle |
| 25:02 | Research | Fletching |
| 25:10 | Create | Monk |
| 25:11 | Create | Monk |
| 25:17 | Create | Villager (Male) |
| 25:43 | Create | Spearman |
Match timeline
| 8:12 | Malkovich_Monk · first_building Barracks |
| 9:41 | TrCL.miked12321 · age_up feudal |
| 11:14 | Malkovich_Monk · age_up feudal |
| 12:13 | Malkovich_Monk · first_building Stable |
| 13:48 | TrCL.miked12321 · age_up castle |
| 13:54 | TrCL.miked12321 · first_building Monastery |
| 14:47 | Malkovich_Monk · age_up castle |
| 15:07 | Malkovich_Monk · wall_segment Stone Wall x15 |
| 15:43 | TrCL.miked12321 · first_building Siege Workshop |
| 16:13 | Malkovich_Monk · first_building Monastery |
| 17:54 | TrCL.miked12321 · first_market_sell 100 wood |
| 18:43 | Malkovich_Monk · first_market_sell 100 food |
| 20:11 | TrCL.miked12321 · first_building Barracks |
| 23:11 | Malkovich_Monk · first_market_buy 100 stone |
| 23:28 | Malkovich_Monk · first_building Castle |
| 24:52 | TrCL.miked12321 · first_market_buy 100 stone |
| 25:00 | TrCL.miked12321 · first_building Castle |
| 26:18 | TrCL.miked12321 · resign |
[ AI ANALYSIS · 1 CREDIT ]
What really happened in this match?
Wolo.gg analyzes every decision: build order, eco, micro, common mistakes by bracket. Personalized analysis on WhatsApp or Discord in 30 seconds.
Civ guide
Khitans
Map guide
Arena
Perfil
Malkovich_Monk